 Dungeon Crawl Stone Soup version 0.28.0-53-g5a82cb258f (webtiles) character file.

Game seed: 8977036458345473849

69 MiltankisOP the Magician (level 4, -1/24 HPs)
             Began as a Deep Elf Air Elementalist on July 9, 2022.
             Slain by a sky beast (2 damage)
             ... on level 3 of the Dungeon.
             The game lasted 00:07:41 (2627 turns).

MiltankisOP the Magician (DEAE)                     Turns: 2627, Time: 00:07:42

Health: -1/24      AC:  3    Str:  5    XL:     4   Next: 2%
Magic:  27/30      EV: 13    Int: 22    God:
Gold:   109        SH:  0    Dex: 15    Spells: 10/11 levels left

rFire   . . .      SeeInvis .   m - +1 spear (vorpal)
rCold   . . .      Faith    .   (no shield)
rNeg    . . .      Spirit   .   a - +0 robe
rPois   .          Reflect  .   (no helmet)
rElec   .          Harm     .   (no cloak)
rCorr   .          Rampage  .   j - +0 pair of gloves
Will    .....                   (no boots)
Stlth   ++........              (no amulet)
HPRegen 0.08/turn               k - ring of magical power
MPRegen 0.22/turn               n - ring of magical power

@: very slightly contaminated
A: no striking features
a: no special abilities


You were on level 3 of the Dungeon.
You visited 1 branch of the dungeon, and saw 3 of its levels.

You collected 109 gold pieces.

Inventory:

Hand Weapons
 b - a +0 dagger
 l - a +0 dagger
 m - a +1 vorpal spear (weapon)
Armour
 a - a +0 robe (worn)
 j - a +0 pair of gloves (worn)
Jewellery
 k - a ring of magical power (left hand)
 n - a ring of magical power (right hand)
Scrolls
 d - a scroll of magic mapping {unknown}
 e - 2 scrolls of teleportation {unknown}
 h - a scroll of blinking {unknown}
 i - a scroll of identify {unknown}
 o - a scroll of amnesia {unknown}
 p - a scroll of vulnerability {unknown}
Potions
 c - a potion of might {unknown}
 f - 2 potions of heal wounds {unknown}
 g - a potion of haste {unknown}


   Skills:
 - Level 2.7 Dodging
 - Level 2.8 Stealth
 - Level 4.0 Spellcasting
 + Level 2.3 Conjurations
 + Level 3.6 Air Magic


You had 10 spell levels left.
You knew the following spells:

 Your Spells              Type           Power      Damage    Failure   Level
a - Shock                 Conj/Air       68%        1d7       3%          1

Your spell library contained the following spells:

 Spells                   Type           Power      Damage    Failure   Level
 Static Discharge         Conj/Air       17%        N/A       4%          2
 Swiftness                Air            20%        N/A       8%          3
 Airstrike                Air            10%        N/A       26%         4


Dungeon Overview and Level Annotations

Branches:
Dungeon (3/15)

Altars:


Message History

Confirm with . or Enter, or press ? or * to list all spells.
You can't see any susceptible monsters within range! (Use Z to cast anyway.)
Casting: Shock (safe; 3% risk of failure)
Confirm with . or Enter, or press ? or * to list all spells.
Aiming: Shock (safe; 3% risk of failure)
Press: ? - help, Shift-Dir - straight line Sorry, you're not good enough to have a special ability.
Casting: Shock (safe; 3% risk of failure)
Confirm with . or Enter, or press ? or * to list all spells.
Aiming: Shock (safe; 3% risk of failure)
Press: ? - help, Shift-Dir - straight line You miscast Shock.
You are very lightly contaminated with residual magic.
Nothing appears to happen.
Something hits you. Something shocks you.
Casting: Shock (safe; 3% risk of failure)
Confirm with . or Enter, or press ? or * to list all spells.
Aiming: Shock (safe; 3% risk of failure)
Press: ? - help, Shift-Dir - straight line The zap hits something.
Something hits you. Something shocks you.
* * * LOW HITPOINT WARNING * * *
Casting: Shock (safe; 3% risk of failure)
Confirm with . or Enter, or press ? or * to list all spells.
Aiming: Shock (safe; 3% risk of failure)
Press: ? - help, Shift-Dir - straight line A sky beast appears from thin air!
Reactivating autopickup.
The sky beast closely misses you.
You closely miss the sky beast.
The sky beast flickers out of sight!
Deactivating autopickup; reactivate with Ctrl-A.
Something completely misses you.
The rain has left you waist-deep in water!
Splash!
You fall into the shallow water.
Moving in this stuff is going to be slow.
Something hits you.
* * * LOW HITPOINT WARNING * * *
Something shocks you.
* * * LOW HITPOINT WARNING * * *
You barely miss something. Something hits you.
You die...

#.# #.# #.#
#.# #.# ###
#.#
#.#####.## ..
#..g≈@.<.#
...
#.#####.##
#.. #.# #.#
##..#####'###
#.#
............#
#.#
............#
#.#
#.#........#
#.#
##.......#
#.#
#........#


You could see a hobgoblin.

Vanquished Creatures
  Robin (D:2)
  A dart slug (D:2)
  2 bats (D:1)
  7 endoplasms
  2 giant cockroaches
  8 goblins
  8 hobgoblins
  5 kobolds
  3 quokkas (D:1)
  2 ball pythons (D:1)
  2 frilled lizards
  6 rats
47 creatures vanquished.

Notes
Turn   | Place    | Note
-------+----------+-------------------------------------------
     0 | D:1      | MiltankisOP the Deep Elf Air Elementalist began the quest
                  | for the Orb.
     0 | D:1      | Reached XP level 1. HP: 10/10 MP: 6/6
   358 | D:1      | Reached XP level 2. HP: 15/15 MP: 4/8
  1273 | D:2      | Reached XP level 3. HP: 16/19 MP: 3/10
  1552 | D:2      | Noticed Robin
  1924 | D:2      | Killed Robin
  2370 | D:2      | Found a faded altar of an unknown god.
  2372 | D:2      | Noticed an eye of devastation
  2379 | D:2      | Noticed a shining eye
  2389 | D:2      | Noticed a shining eye
  2393 | D:2      | Noticed an eye of devastation
  2564 | D:3      | Reached skill level 4 in Spellcasting
  2579 | D:3      | Reached XP level 4. HP: 24/24 MP: 12/12
  2603 | D:3      | Noticed a sky beast
  2626 | D:3      | HP: 1/24 [something (5)]
  2627 | D:3      | Slain by a sky beast

Illustrated notes

Levels and vault maps discovered:
D:1:      zelgadis_glass_arrival_small, layout_basic
D:2:      layout_basic, hellmonk_ecumenical_altar_watching_god, uniq_robin
D:3:      layout_basic, mainiacjoe_overflow_tiny_flanked, minmay_between

Skill      XL: |  1  2  3 |
---------------+----------+-----
Conjurations   | 2 |  2.3
Spellcasting   | 4 |  4.0
Dodging        | |  2.7
Stealth        | |  2.8
Air Magic      | |  3.6

Action                   |  1- 3 |  4- 6 || total
-------------------------+-------+-------++-------
Melee: Spear             |       |     2 ||     2
 Cast: Shock             |   104 |     5 ||   109
Armor: Robe              |     3 |       ||     3
Dodge: Dodged            |    18 |     3 ||    21
